 Dungeon Crawl Stone Soup version 0.15-a0-2075-ga361405 (webtiles) character file.

161 N00bl0rd the Grave Robber (level 5, -3/28 HPs)
             Began as a Deep Elf Necromancer on July 14, 2014.
             Killed from afar by Natasha (10 damage)
             ... with a wand of magic darts
             ... on Level 3 of the Dungeon.
             The game lasted 00:06:50 (2046 turns).

N00bl0rd the Grave Robber (Deep Elf Necromancer)    Turns: 2046, Time: 00:06:50

HP  -3/28        AC  2     Str  5      XL: 5   Next: 18%
MP  13/19        EV 13     Int 21      God:
Gold 139         SH  0     Dex 15      Spells:  5 memorised,  3 levels left

rFire  . . .     SeeInvis .     y - +2 spear (venom)
rCold  + . .     Clarity  .     a - +0 robe
rNeg   . . .     rCorr    .     (no shield)
rPois  .         rRot     .     (no helmet)
rElec  .         Spirit   .     (no cloak)
SustAb .         Warding  .     (no gloves)
rMut   .         Stasis   .     (no boots)
Gourm  .                        (no amulet)
MR     .....                    (no ring)
                                C - ring of protection from cold

@: regenerating, not resistant to hostile enchantments, unstealthy
A: no striking features
a: no special abilities


You were on level 3 of the Dungeon.
You were not hungry.

You visited 1 branch of the dungeon, and saw 3 of its levels.

You collected 139 gold pieces.

Inventory:

Hand weapons
 y - a +2 spear of venom (weapon)
Armour
 a - a +0 robe (worn)
 m - a +3 ring mail
Comestibles
 c - 2 bread rations
 f - 2 beef jerkies
 g - a royal jelly
 h - 4 meat rations
 B - a rotting chunk of rat flesh
 E - a chunk of bat flesh
 F - a chunk of rat flesh
Scrolls
 d - 4 scrolls of amnesia {unknown}
 e - a scroll of noise {unknown}
 k - 4 scrolls of teleportation {unknown}
 o - a scroll of remove curse {unknown}
 q - a scroll of enchant weapon {unknown}
 r - 2 scrolls of blinking {unknown}
 t - 3 scrolls of identify {unknown}
 u - a scroll of enchant armour {unknown}
 v - a scroll of fear {unknown}
 x - 2 scrolls of random uselessness {unknown}
Jewellery
 C - a ring of protection from cold (left hand)
Potions
 i - a potion of agility {unknown}
 j - a potion of might {unknown}
 l - 2 potions of cure mutation {unknown}
 n - a potion of mutation {unknown}
 p - 3 potions of curing {unknown}
 s - 3 potions of haste {unknown}
 w - 3 potions of flight {unknown}
Books
 b - a book of Necromancy

   Spells                             Type                      Level
   *Pain                              Necromancy                   1
   *Animate Skeleton                  Necromancy                   1
   *Vampiric Draining                 Necromancy                   3
   *Regeneration                      Charms/Necromancy            3
   Animate Dead                       Necromancy                   4
   *Control Undead                    Necromancy                   4


   Skills:
 - Level 2.4 Dodging
 - Level 2.4 Stealth
 + Level 5.5 Spellcasting
 + Level 6.5 Necromancy


You had 3 spell levels left.
You knew the following spells:

 Your Spells              Type           Power        Failure   Level  Hunger
a - Pain                  Necr           ####         1%          1    None
b - Animate Skeleton      Necr           N/A          1%          1    None
c - Vampiric Draining     Necr           ####......   2%          3    ##.....
d - Regeneration          Chrm/Necr      ###.......   10%         3    ##.....
e - Control Undead        Necr           ####......   10%         4    ####...


Dungeon Overview and Level Annotations

Branches:
Dungeon (3/15)

Altars:
Nemelex Xobeh

Annotations:
D:3 Natasha


Message History

Aim: Natasha carrying a wand of magic darts {zapped: 5} Attack!
Natasha zaps a wand.
The magic dart hits you!
Casting: Pain
Confirm with . or Enter, or press ? or * to list all spells.
Your skin crawls.
Unknown command.
Casting: Regeneration
Confirm with . or Enter, or press ? or * to list all spells.
Aiming: Pain
Press: ? - help, Shift-Dir - straight line, f/p - Natasha
Aim: Natasha carrying a wand of magic darts {zapped: 6} Natasha convulses in agony!
Natasha zaps a wand.
The magic dart hits you!
* * * LOW HITPOINT WARNING * * *
Casting: Pain
Confirm with . or Enter, or press ? or * to list all spells.
Aiming: Pain
Press: ? - help, Shift-Dir - straight line, f/p - Natasha
Aim: Natasha carrying a wand of magic darts {zapped: 7} (lightly wounded) Natasha convulses in agony!
Natasha zaps a wand.
The magic dart hits you!
You die...

#######Z##...#.#
###...Z.Z.###.##.#
#....Z.....##.[#.#
#.........)...h#.#
.##......###..)..##
.####....# #......###
......##.###..w..Z..#
.#........##........#####
................@Z......##
..###...#.#..#..#..#..#..#
...(.......#..#..#..#....#
##....).....#..#..#..#...#
#........#..#..#..#..#..#
####......#..#..#..#....#
#....................#
#...##..#.#..###....##
#######..#..#.#.## #....#


You could see a worm, Natasha, a friendly rat skeleton and a friendly orc
skeleton.

Vanquished Creatures
  An orc priest (D:3)
  Natasha (D:3)
  An orc wizard (D:3)
  2 adders (D:3)
  5 worms (D:2)
  3 orcs (D:3)
  3 bats
  A giant cockroach (D:3)
  2 goblins
  6 hobgoblins
  4 kobolds
  3 giant newts
  A quokka (D:3)
  8 rats
41 creatures vanquished.

Vanquished Creatures (collateral kills)
  A bush (D:2)
1 creature vanquished.

Vanquished Creatures (others)
  An adder skeleton (D:3)
  A bat skeleton (D:3)
  A hobgoblin skeleton (D:3)
  An orc skeleton (D:3)
  A rat skeleton (D:3)
5 creatures vanquished.

Grand Total: 47 creatures vanquished

Notes
Turn   | Place    | Note
--------------------------------------------------------------
     0 | D:1      | N00bl0rd, the Deep Elf Necromancer, began the quest for the Orb.
     0 | D:1      | Reached XP level 1. HP: 10/10 MP: 5/5
    96 | D:1      | Learned a level 1 spell: Animate Skeleton
   133 | D:1      | Reached skill level 5 in Necromancy
   218 | D:1      | Reached XP level 2. HP: 6/15 MP: 8/8
   632 | D:2      | Reached XP level 3. HP: 1/19 MP: 0/12
   637 | D:2      | Learned a level 3 spell: Vampiric Draining
   641 | D:2      | Learned a level 3 spell: Regeneration
  1608 | D:3      | Reached XP level 4. HP: 21/24 MP: 11/16
  1613 | D:3      | Reached skill level 5 in Spellcasting
  1613 | D:3      | Reached skill level 6 in Necromancy
  1774 | D:3      | Learned a level 4 spell: Control Undead
  1791 | D:3      | Found a sparkling altar of Nemelex Xobeh.
  1886 | D:3      | Noticed Natasha
  1892 | D:3      | Reached XP level 5. HP: 19/28 MP: 11/19
  1895 | D:3      | Killed Natasha
  2041 | D:3      | Noticed Natasha
  2046 | D:3      | Killed from afar by Natasha

Action                   |  1- 3 |  4- 6 || total
-------------------------+-------+-------++-------
Melee: Spear             |    11 |     4 ||    15
 Cast: Pain              |    65 |    29 ||    94
       Animate Skeleton  |     5 |     7 ||    12
       Regeneration      |     2 |     2 ||     4
       Vampiric Draining |       |     1 ||     1
  Eat: Chunk             |     2 |     2 ||     4
